 Seeded DCSS version 0.30-a0-123-g91d0c66ccf (webtiles) character file.

Game seed: 18168638616186862194 (custom seed)

1 ravioli the Caller (level 1, -2/11 HPs)
             Began as an Octopode Summoner on Sept 18, 2022.
             Slain by a quokka (5 damage)
             ... on level 1 of the Dungeon.
             The game lasted 00:00:51 (135 turns).

ravioli the Caller (Octopode Summoner)               Turns: 135, Time: 00:00:52

Health: -2/11      AC:  1    Str:  7    XL:     1   Next: 20%
Magic:  0/3        EV: 13    Int: 17    God:
Gold:   0          SH:  0    Dex: 12    Spells: 3/4 levels left

rFire   . . .      SeeInvis .    (no weapon)
rCold   . . .      Faith    .    (no shield)
rNeg    . . .      Spirit   .    (helmet restricted)
rPois   .          Reflect  .    (no amulet)
rElec   .          Harm     .    (no ring)
rCorr   .          Rampage  .    (no ring)
Will    .....                    (no ring)
Stlth   +++.......               (no ring)
HPRegen 0.03/turn                (no ring)
MPRegen 0.08/turn                (no ring)
                                 (no ring)
                                 (no ring)

@: no status effects
A: almost no armour, amphibious, 8 rings, camouflage 1, gelatinous body 1,
(nimble swimmer 1), tentacles
a: no special abilities


You were on level 1 of the Dungeon.
You visited 1 branch of the dungeon, and saw 1 of its levels.

Inventory:

Potions
 a - a potion of magic


   Skills:
 + Level 2.0 Dodging
 + Level 2.7 Stealth
 + Level 2.0 Spellcasting
 + Level 4.0 Summonings


You had 3 spell levels left.
You knew the following spells:

 Your Spells              Type           Power      Damage    Failure   Level
a - Summon Small Mammal   Summ           60%        N/A       3%          1

Your spell library contained the following spells:

 Spells                   Type           Power      Damage    Failure   Level
 Call Imp                 Summ           15%        N/A       5%          2
 Call Canine Familiar     Summ           15%        N/A       11%         3
 Summon Guardian Golem    Hex/Summ       8%         N/A       26%         3
 Summon Lightning Spire   Summ/Air       8%         N/A       63%         4


Dungeon Overview and Level Annotations

Branches:
Dungeon (1/15)

Altars:


Innate Abilities, Weirdness & Mutations

You cannot wear most types of armour.
You are amphibious.
You can wear up to eight rings at the same time.
Your skin changes colour to match your surroundings (Stealth+).
Your rubbery body absorbs attacks. (AC +1, EV +1)
((You are camouflaged when in or above water. (Stealth+)))
You have tentacles for arms and can constrict up to eight enemies at once.


Message History

Your bat dies!
Your bat's corpse disappears in a puff of smoke!
Your rat bites the quokka.
The quokka barely misses your rat. The quokka bites your rat.
Your rat closely misses the quokka.
The quokka bites your rat.
Your rat dies!
Your rat's corpse disappears in a puff of smoke!
The quokka attacks as you move away! The quokka closely misses you.
Unknown command.
The quokka bites you. x2
* * * LOW HITPOINT WARNING * * *
You swap places.
Your bat hits the quokka but does no damage. x2
The quokka closely misses your bat. The quokka bites your bat.
Your bat dies!
Your bat's corpse disappears in a puff of smoke!
The quokka misses you.
You are too injured to fight recklessly!
Casting: Summon Small Mammal (safe; 3% risk of failure)
Confirm with . or Enter, or press ? or * to list all spells.
The quokka closely misses you.
Your rat bites the quokka but does no damage.
The quokka barely misses your rat.
Your rat barely misses the quokka.
The quokka bites your rat.
Your rat dies!
Your rat's corpse disappears in a puff of smoke!
Found 8 gold pieces.
A goblin comes into view. It is wielding a +0 dagger.
Found a viscous red potion.
The quokka attacks as you move away! The quokka closely misses you.
The quokka twitches its whiskers.
The quokka bites you.
You die...

#.#..#.#.#.###. ############
#.#..#.#.#.# § ...........#
#.#..#...#.# r ##########.##
###.#..#####.# § #..###
#............# .
###########...###.#.#..####..#
.
#.............[.#.#.#§....#..#
.
..#.......##.##...#.##.#.##..#
##...≈≈§≈§.#....@.#.##.#.....#
....§§≈§≈§...###.r#.........##
...§≈≈<>≈§.###
#..............># ....≈≈§§≈≈§#
##...##########.# ###..§≈≈≈..#
#.#.g. # ##......## #.#...#
#...#### #.#..... #..##
#.#.#..## ...# #.#.#..$


You could see a quokka and a goblin.

Vanquished Creatures (collateral kills)
  A hobgoblin (D:1)
1 creature vanquished.

Notes
Turn   | Place    | Note
-------+----------+-------------------------------------------
     0 | D:1      | ravioli the Octopode Summoner began the quest for the Orb.
     0 | D:1      | Reached XP level 1. HP: 11/11 MP: 3/3
   135 | D:1      | Slain by a quokka

Illustrated notes

Levels and vault maps discovered:
D:1:      dpeg_arrival_pits, layout_basic, dilly_ecumenical_altar_fadedgnrine

Action                   || total
-------------------------++-------
 Cast: Summon Small Mamm ||     8
Dodge: Dodged            ||     4

Table legend: (Time is in decaauts)
 A = Elapsed time spent in this place.
 B = Non-inter-level travel time spent in this place.
 C = Inter-level travel time spent in this place.
 D = Time resting spent in this place.
 E = Time spent auto-exploring this place.
 F = Levels seen in this place.
 G = Mean time per level.
                   A        B        C        D        E       F      G
               +--------+--------+--------+--------+--------+-----+--------+
         Total |    135 |    135 |      0 |      0 |     75 |   1 |  135.0 |
       Dungeon |    135 |    135 |      0 |      0 |     75 |   1 |  135.0 |
               +--------+--------+--------+--------+--------+-----+--------+

Top non-repeatable levels by time:
     D:1: 135 daAuts
